 Dungeon Crawl Stone Soup version 0.26-a0-971-g1d9d62bb61 (webtiles) character file.

Game seed: 7438212006330344360

19553 runemasterragnar the Carver (level 12, -4/72 HPs)
             Began as a Gargoyle Delver on Dec 5, 2020.
             Was an Elder of the Shining One.
             Slain by a boulder beetle (46 damage)
             ... on level 12 of the Dungeon.
             The game lasted 00:23:10 (9848 turns).

runemasterragnar the Carver (Gargoyle Delver)       Turns: 9848, Time: 00:23:11

Health: -4/72      AC: 27    Str: 17    XL:     12   Next: 70%
Magic:  18/18      EV: 10    Int: 17    God:    the Shining One [****..]
Gold:   608        SH: 15    Dex: 11    Spells: 18/19 levels left

rFire    . . .     SeeInvis .   B - +0 scimitar
rCold    + . .     Faith    .   l - +0 tower shield
rNeg     + + +     Spirit   .   q - +2 chain mail {rC+}
rPois    ∞         Reflect  .   G - +2 helmet of Disguise {Str+2}
rElec    +         Harm     .   D - +0 cloak (curse)
rCorr    +         Rampage  .   i - +0 pair of gloves
MR       .....                  (no boots)
Stlth    ..........             u - amulet of regeneration
HPRegen  0.62/turn              h - +4 ring of evasion
MPRegen  0.16/turn              d - ring of resist corrosion

@: glowing
A: negative energy resistance 1, electricity resistance, unbreathing,
petrification resistance, rot immunity, AC +8
a: Divine Shield, Cleansing Flame, Renounce Religion


You were on level 12 of the Dungeon.
You worshipped the Shining One.
The Shining One was greatly pleased with you.
You visited 2 branches of the dungeon, and saw 13 of its levels.
You also visited: Bailey.

You collected 833 gold pieces.
You spent 225 gold pieces at shops.

Inventory:

Hand Weapons
 m - the +8 hunting sling of an ice cave {freeze, rF- Str+2 SInv}
   (You found it on level 4 of the Dungeon)

   It causes projectiles fired from it to freeze those they strike, causing
   extra injury to most foes and up to half again as much damage against
   particularly susceptible opponents.
   They can also slow down cold-blooded creatures.
   It affects your strength (+2).
   It makes you vulnerable to fire.
   It lets you see invisible.
 A - a +7 dagger
 B - a +0 scimitar (weapon)
 H - a +3 long sword
Missiles
 k - 193 bolts
 n - 66 sling bullets (quivered)
Armour
 i - a +0 pair of gloves (worn)
 l - a +0 tower shield (worn)
 q - a +2 chain mail of cold resistance (worn)
 D - a cursed +0 cloak (worn)
 G - the +2 helmet of Disguise (worn) {Str+2}
   (You found it on level 7 of the Dungeon)

   It affects your strength (+2).
 I - a +1 hat
Magical Staves
 E - an uncursed staff of air {unknown}
Jewellery
 d - a ring of resist corrosion (right hand)
 h - a +4 ring of evasion (left hand)
 u - an amulet of regeneration (around neck)
 J - an uncursed ring of poison resistance
Wands
 g - a wand of digging (9)
Scrolls
 a - 3 scrolls of blinking
 c - 2 scrolls of fog
 e - a scroll of fear
 j - a scroll of summoning {unknown}
 r - 9 scrolls of enchant weapon
 t - 3 scrolls of remove curse
 w - 3 scrolls of amnesia {unknown}
 x - 5 scrolls of enchant armour
 y - 6 scrolls of teleportation
 C - a scroll of silence {unknown}
 L - 2 scrolls of magic mapping
 M - a scroll of acquirement {unknown}
Potions
 b - 4 potions of curing
 f - 3 potions of haste
 o - 4 potions of cancellation
 p - 3 potions of heal wounds
 s - 2 potions of resistance
 v - a potion of brilliance
 z - a potion of flight
 F - a potion of invisibility
 K - 13 potions of degeneration
 N - a potion of mutation {unknown}
 O - a potion of attraction {unknown}


   Skills:
 + Level 7.6 Fighting
 + Level 10.7 Long Blades
 + Level 7.9 Armour
 + Level 5.5 Dodging
 - Level 5.4 Stealth
 + Level 7.8 Shields
 + Level 4.0 Spellcasting
 * Level 5.9 Translocations
 + Level 6.7 Invocations


You had 18 spell levels left.
You knew the following spells:

 Your Spells              Type           Power        Failure   Level
a - Apportation           Tloc           ###...       80%         1

Your spell library contained the following spells:

 Spells                   Type           Power        Failure   Level
 Gell's Gravitas          Tloc           ###.......   99%         3
 Animate Skeleton         Necr           #.....       100%        1
 Corona                   Hex            #......      100%        1
 Summon Small Mammal      Summ           #...         100%        1
 Confusing Touch          Hex            #.......     100%        3
 Petrify                  Tmut/Erth      #.......     100%        4
 Metabolic Englaciation   Hex/Ice        #.........   100%        5
 Yara's Violent Unravell  Hex/Tmut       #.........   100%        5


Dungeon Overview and Level Annotations

Branches:
Dungeon (12/15)            Temple (1/1) D:5             Orc (0/2) D:11
 Bailey (visited)
   Lair: D:8-11

Altars:
Ashenzari
Cheibriados
Dithmenos
Elyvilon
Fedhas
Gozag
Hepliaklqana
Kikubaaqudgha
Makhleb
Nemelex Xobeh
Okawaru
Qazlal
Ru
Sif Muna
Trog
Uskayaw
Vehumet
Wu Jian
Xom
Yredelemnul
Zin
The Shining One
Beogh

Shops:
D:6 [   D:9 (   D:10 *


Innate Abilities, Weirdness & Mutations

You are resistant to torment.
Your stone body is resilient. (AC +8)
You are immune to poison.
You resist negative energy. (rN+)
You are resistant to electric shocks. (rElec)
You can survive without breathing.
You are immune to petrification.
You are immune to rotting.


Message History

The purple ugly thing is moderately wounded.
You block the red ugly thing's attack.
The purple ugly thing tentacle-slaps you but does no damage.
Unknown command.
You hit the purple ugly thing but do no damage.
The purple ugly thing is moderately wounded.
You block the kobold's attack. The red ugly thing stings you.
You are engulfed in flames!!
You are too injured to fight recklessly!
Unknown command.
The purple ugly thing basks in the mutagenic energy from its kin and changes!
Okay, then.
Okay, then.
You hear a splash.
A boulder beetle comes into view.
The boulder beetle curls into a ball and begins rolling!
Found an escape hatch in the ceiling.
The boulder beetle hits you!!!
Ouch! That really hurt!
You die...

#.K..>....#..#######
#u####'#+##........#
#.#................#
#o#................#
#K#................#
#.#.........###....+
#######.#.........'.#...<#
.......u###########.######
.........@................
.........B................
........○.............#'##
.......°........####'##...
.......°........#.........
................#.........
.......<........#.........
....########...#.........
#...#.........


You could see a boulder beetle and a red ugly thing.

Vanquished Creatures
  2 two-headed ogres
  An unseen horror (D:10)
  3 orc knights (Bailey)
  A manticore (D:12)
  A gargoyle (D:12)
  A kobold demonologist (D:12)
  2 hornets
  6 yaks (D:11)
  2 wraiths
  A steam dragon (D:10)
  Menkaure (D:5)
  12 orc warriors
  3 ice beasts
  5 sky beasts
  A black bear (D:9)
  5 ogres
  A phantom (D:10)
  5 centaurs
  4 big kobolds
  5 bullfrogs
  2 gnoll sergeants
  2 scorpions
  19 killer bees
  15 wights
  6 electric eels (D:5)
  5 howler monkeys (D:7)
  A centaur zombie (D:7)
  2 bullfrog zombies
  9 hounds
  A jelly (D:5)
  A bullfrog skeleton (D:10)
  11 orc priests
  6 orc wizards
  4 iguanas
  5 worker ants
  A hound zombie (D:5)
  A hound skeleton (D:5)
  2 worker ant zombies
  10 gnolls
  7 adders
  An ufetubus (D:5)
  4 oozes
  An adder zombie (D:6)
  A worm (D:5)
  2 dart slugs
  8 leopard geckos
  61 orcs
  7 giant cockroaches
  9 goblins
  8 hobgoblins
  5 jackals
  11 kobolds
  6 quokkas
  A ball python (D:5)
  2 bats (D:2)
  3 frilled lizards (D:3)
  A leopard gecko skeleton (D:4)
  A quokka skeleton (D:5)
  11 rats
315 creatures vanquished.

Vanquished Creatures (others)
  A wight (D:10)
  2 electric eels (D:12)
  3 orcs (D:12)
  7 plants
13 creatures vanquished.

Grand Total: 328 creatures vanquished

Notes
Turn   | Place    | Note
-------+----------+-------------------------------------------
     0 | D:5      | runemasterragnar the Gargoyle Delver began the quest for
                  | the Orb.
     0 | D:5      | Reached XP level 1. HP: 14/14 MP: 1/1
     9 | D:5      | Found a staircase to the Ecumenical Temple.
    21 | Temple   | Entered the Ecumenical Temple
    68 | Temple   | Became a worshipper of the Shining One
   232 | D:5      | Reached skill level 2 in Long Blades
   232 | D:5      | Reached XP level 2. HP: 16/19 MP: 2/2
   356 | D:5      | Reached skill level 1 in Armour
   392 | D:6      | Found a shadowy altar of Dithmenos.
   438 | D:6      | Found Rekyleyl's Antique Armour Shoppe.
   462 | D:5      | Reached XP level 3. HP: 20/23 MP: 3/3
   577 | D:4      | Got a slimy hunting sling
   899 | D:3      | Reached skill level 1 in Invocations
  1009 | D:3      | Reached skill level 1 in Shields
  1009 | D:3      | Reached XP level 4. HP: 27/28 MP: 4/4
  1419 | D:1      | Identified the +8 hunting sling of an ice cave {freeze, rF-
                  | Str+2 SInv} (You found it on level 4 of the Dungeon)
  2055 | D:2      | Reached XP level 5. HP: 32/33 MP: 6/6
  2131 | D:2      | Found a shimmering altar of Xom.
  2308 | D:2      | Reached * piety under the Shining One
  2605 | D:3      | Noticed an ogre
  2618 | D:3      | Killed an ogre
  2619 | D:3      | Reached skill level 3 in Long Blades
  2619 | D:3      | Reached XP level 6. HP: 22/38 MP: 7/7
  3015 | D:3      | Found a faded altar of an unknown god.
  3232 | D:4      | Noticed an ice beast
  3249 | D:4      | Killed an ice beast
  4025 | D:5      | Found a glowing silver altar of Zin.
  4076 | D:5      | Reached XP level 7. HP: 43/43 MP: 8/8
  4238 | D:5      | Noticed Menkaure
  4248 | D:5      | Killed Menkaure
  4249 | D:5      | Reached skill level 4 in Long Blades
  4465 | D:5      | Reached ** piety under the Shining One
  4474 | D:5      | Reached XP level 8. HP: 48/48 MP: 10/10
  4834 | D:5      | Reached skill level 5 in Armour
  4909 | D:5      | Reached skill level 5 in Fighting
  5026 | D:6      | Bought an embroidered cloak for 225 gold pieces
  5407 | D:7      | Reached skill level 5 in Long Blades
  5407 | D:7      | Reached skill level 5 in Shields
  5455 | D:7      | Got a polished helmet
  5461 | D:7      | Identified the +2 helmet of Disguise {Str+2} (You found it
                  | on level 7 of the Dungeon)
  5560 | D:7      | Reached XP level 9. HP: 54/54 MP: 11/11
  5796 | D:7      | Reached *** piety under the Shining One
  5809 | D:7      | Found a roughly hewn altar of Beogh.
  6055 | D:7      | Learned a level 1 spell: Apportation
  6296 | D:8      | Noticed a two-headed ogre
  6320 | D:8      | Killed a two-headed ogre
  6321 | D:8      | Reached skill level 1 in Spellcasting
  6321 | D:8      | Reached skill level 1 in Translocations
  6605 | D:8      | Reached XP level 10. HP: 45/60 MP: 13/13
  6764 | D:8      | Reached skill level 6 in Long Blades
  6823 | D:8      | Reached skill level 5 in Invocations
  7175 | D:9      | Noticed a two-headed ogre
  7185 | D:9      | Killed a two-headed ogre
  7273 | D:9      | Found Jecvar's Hydra Hut.
  7328 | D:9      | Noticed a seven-headed hydra
  7425 | D:9      | Found a flagged portal.
  7441 | Bailey   | Entered a bailey
  7656 | Bailey   | Noticed an orc knight
  7696 | Bailey   | Killed an orc knight
  7716 | Bailey   | Noticed an orc knight
  7717 | Bailey   | Noticed an orc knight
  7751 | Bailey   | Killed an orc knight
  7752 | Bailey   | Reached XP level 11. HP: 38/66 MP: 12/15
  7767 | Bailey   | Killed an orc knight
  7768 | Bailey   | Reached skill level 5 in Dodging
  7897 | Bailey   | Reached skill level 10 in Long Blades
  7897 | Bailey   | Reached XP level 12. HP: 71/71 MP: 16/16
  7963 | D:9      | Noticed a boulder beetle
  8121 | D:9      | HP: 1/72 [boulder beetle (39)]
  8214 | D:10     | Entered Level 10 of the Dungeon
  8270 | D:10     | Reached skill level 5 in Translocations
  8496 | D:10     | Reached **** piety under the Shining One
  8964 | D:10     | Found Nuezemuhuf's Assorted Antiques.
  9564 | D:11     | Found a staircase to the Orcish Mines.
  9603 | D:11     | Noticed a seven-headed hydra
  9608 | D:11     | Noticed a two-headed ogre
  9845 | D:12     | Noticed a boulder beetle
  9848 | D:12     | Slain by a boulder beetle

Illustrated notes

Levels and vault maps discovered:
D:1:      lightli_arrival_flooded_house, layout_basic,
          chequers_serial_rivers_room_b, nrook_campfire
D:2:      layout_basic, xom_teletrap_fun
D:3:      layout_rooms, chequers_ecumenical_altar_lobes
D:4:      layout_basic, mrwooster_statue_mirror, serial_bayou_pond_a,
          kennysheep_generic_room_15
D:5:      cheibrodos_two_vegetables, layout_gridville, lemuel_doored_altar,
          minmay_temple_entry_glass, uniq_menkaure, uniq_eustachio
D:6:      layout_cave_pools, serial_shops, shop,
          grunt_dithmenos_smoke_and_mirrors
D:7:      layout_gridville, david_defended_altar_orc
D:8:      layout_loops_corners
D:9:      layout_basic, enter_bailey_7, doesnt_shop_hydraphobe
D:10:     layout_layer_cave, serial_shops, shop_coins
D:11:     layout_basic, lair_entry_dummy, kennysheep_orc_monster_closet_entryway
D:12:     layout_irregular_city, lemuel_freeze_loot_1
Temple:   kilobyte_greek_temple

Skill      XL: |  1  2  3  4  5  6  7  8  9 10 11 12 |
---------------+-------------------------------------+-----
Long Blades    | 2 3 4 5 6 10 | 10.7
Armour         | 1 2 3 4 5 6 7 |  7.9
Invocations    | 1 2 3 4 6 |  6.7
Shields        | 1 2 3 4 5 6 7 |  7.8
Dodging        | 2 3 4 5 |  5.5
Fighting       | 4 5 6 7 |  7.6
Spellcasting   | 1 3 4 |  4.0
Translocations | 2 4 5 |  5.9
Stealth        | |  5.4

Action                   |  1- 3 |  4- 6 |  7- 9 | 10-12 || total
-------------------------+-------+-------+-------+-------++-------
Melee: Falchion          |   132 |   206 |    30 |       ||   368
       Scimitar          |       |       |   176 |   362 ||   538
       Dagger            |       |       |     2 |       ||     2
       Long sword        |       |       |   124 |   309 ||   433
 Fire: Hunting sling     |       |       |    25 |    49 ||    74
Throw: Throwing net      |       |       |       |     1 ||     1
Invok: Divine Shield     |       |       |     1 |     2 ||     3
Evoke: Wand              |       |       |       |     9 ||     9
  Use: Scroll            |     2 |     5 |     2 |    10 ||    19
       Potion            |       |     2 |     2 |     6 ||    10
Armor: Scale mail        |    18 |       |       |       ||    18
       Chain mail        |    46 |    91 |   188 |   447 ||   772
Dodge: Dodged            |    51 |    44 |   124 |   347 ||   566
Block: Tower shield      |    54 |   124 |   290 |   780 ||  1248
       Rpst.: Falchion   |    14 |    20 |     2 |       ||    36
       Scimitar          |       |       |    18 |    46 ||    64
       Long sword        |       |       |    10 |    48 ||    58

Table legend: (Time is in decaauts)
 A = Elapsed time spent in this place.
 B = Non-inter-level travel time spent in this place.
 C = Inter-level travel time spent in this place.
 D = Time resting spent in this place.
 E = Time spent auto-exploring this place.
 F = Levels seen in this place.
 G = Mean time per level.
                   A        B        C        D        E       F      G
               +--------+--------+--------+--------+--------+-----+--------+
         Total |  10089 |   9800 |    289 |    233 |   6339 |  14 |  720.6 |
       Dungeon |   9539 |   9250 |    289 |    193 |   6187 |  12 |  794.9 |
        Temple |     83 |     83 |      0 |      0 |      0 |   1 |   83.0 |
        Bailey |    466 |    466 |      0 |     40 |    152 |   1 |  466.0 |
               +--------+--------+--------+--------+--------+-----+--------+

Top non-repeatable levels by time:
     D:5: 1503 daAuts
    D:10: 1218 daAuts
     D:4: 1184 daAuts
     D:8: 1000 daAuts
     D:7: 883 daAuts
     D:1: 851 daAuts
     D:3: 786 daAuts
     D:2: 668 daAuts
     D:9: 597 daAuts
  Bailey: 466 daAuts
     D:6: 433 daAuts
    D:12: 214 daAuts
    D:11: 195 daAuts
  Temple: 83 daAuts
